Map: [ESL] Site Delta

Players

Nicoract

  • Race: Terran Terran
  • Spawn Location: 11:00

Bly - Winner!

  • Race: Zerg Zerg
  • Spawn Location: 5:00

Event: ESL SC2 Masters 2024 Spring (Regional)

VOD

Have the link to the VOD?

Description

Time

  • Played on: April 19, 2024, 1:54 p.m.
  • Length: 14:40

All games in this series

Show
View Real Time Build Order
Export as new Build Order

Nicoract Terran 

Build Orders: Reaper Expand 

Get SALT Encoding   

  12  0:00  SCV  
  13  0:12  SCV  
  14  0:17  Supply Depot  
  14  0:24  SCV  
  15  0:38  SCV  
  15  0:39  Barracks  
  16  0:44  Refinery  
  16  0:50  SCV  
  17  1:03  SCV  
  18  1:15  SCV  
  19  1:27  Reaper  
  19  1:28  Orbital Command  
  20  1:38  Command Center  
  20  1:49  Supply Depot  
  20  1:54  SCV  
  21  1:59  Marine  
  22  2:06  SCV  
  22  2:07  Barracks  
  23  2:14  Refinery  
  23  2:18  SCV, Barracks Reactor  
  24  2:27  Factory  
  24  2:31  SCV  
  25  2:44  SCV  
  26  2:50  Orbital Command  
  26  2:54  Marine x2  
  26  2:55  Barracks Tech Lab  
  26  2:56  SCV  
  29  3:08  SCV  
  29  3:12  Starport  
  30  3:13  Factory Reactor  
  30  3:16  SCV  
  30  3:18  Marine x2  
  30  3:19  Marine  
  33  3:20  SCV  
  33  3:25  Stimpack  
  35  3:30  SCV  
  35  3:33  SCV  
  37  3:37  Marine x3  
  40  3:42  SCV, Supply Depot  
  40  3:45  SCV  
  42  3:55  Marine x3  
  44  4:00  Supply Depot  
  45  4:03  Medivac x2  
  45  4:07  SCV  
  50  4:13  Marine x3  
  53  4:20  SCV  
  53  4:21  SCV  
  53  4:23  Supply Depot  
  55  4:24  Supply Depot  
  55  4:29  Factory Reactor  
  55  4:30  Marine  
  55  4:31  Barracks, Marine x2  
  58  4:40  SCV x2  
  60  4:46  Supply Depot, Engineering Bay x2  
  60  4:52  SCV x2  
  62  4:58  Refinery x2  
  62  5:03  Supply Depot  
  62  5:04  SCV x2, Combat Shield  
  64  5:14  Supply Depot  
  64  5:16  SCV x2, Terran Infantry Weapons Level 1, Terran Infantry Armor Level 1, Factory Tech Lab  
  66  5:25  Bunker  
  66  5:26  Marine x2  
  67  5:29  Marine x3  
  67  5:34  SCV  
  71  5:36  Siege Tank  
  74  5:45  Marine x2  
  74  5:46  Supply Depot, Marine  
  74  5:49  Marine x2  
  79  6:01  Supply Depot  
  79  6:03  Marine  
  80  6:08  Siege Tank, Marine  
  80  6:09  Supply Depot, Marine x2  
  80  6:11  Marine  
  86  6:13  Medivac x2  
  90  6:26  Marine x3  
  90  6:27  Marine  
  90  6:30  Supply Depot  
  94  6:33  Marine  
  95  6:40  Siege Tank  
  95  6:42  Concussive Shells  
  95  6:43  Marine  
  95  6:44  Marine x3  
  102  6:48  SCV x2  
  102  6:49  Medivac x2  
  102  6:51  Marauder  
  109  7:01  Marine  
  109  7:02  Marine  
  109  7:07  Marine  
  112  7:13  Marauder  
  112  7:16  Marine  
  112  7:19  Marine  
  112  7:20  Marine  
  112  7:21  Siege Tank  
  118  7:23  Medivac x2  
  118  7:25  Marine  
  101  7:34  Marauder, Marine  
  103  7:37  Marine  
  103  7:38  Barracks x2  
  103  7:43  Marine x2  
  106  7:51  Marine  
  106  7:53  Medivac  
  106  7:55  Marine x2  
  106  7:58  Siege Tank  
  100  8:01  Marine x2  
  98  8:09  Marine  
  99  8:12  Marine  
  99  8:13  Command Center, Marine  
  99  8:15  SCV x2  
  103  8:26  Marine x2  
  104  8:29  Reaper  
  104  8:33  SCV x2, Barracks Tech Lab  
  107  8:34  Armory  
  107  8:35  Barracks Tech Lab, Marine  
  107  8:40  Siege Tank  
  111  8:45  Marauder, Marine x2  
  104  8:59  Marine  
  104  9:00  Marauder x2  
  104  9:01  Marine  
  104  9:02  Missile Turret  
  108  9:04  Marine x2  
  108  9:07  Marauder  
  112  9:14  Missile Turret  
  112  9:16  SCV x2  
  114  9:22  Terran Infantry Weapons Level 2, Terran Infantry Armor Level 2  
  114  9:29  SCV x2  
  116  9:32  Marauder  
  116  9:33  Marauder  
  116  9:37  Missile Turret  
  120  9:40  Missile Turret  
  120  9:41  Marauder  
  120  9:43  SCV  
  120  9:44  SCV  
  124  9:54  Marine x5  
  124  9:56  Marauder  
  131  10:01  Siege Tank  
  133  10:10  Marauder  
  133  10:11  Medivac x2  
  129  10:17  Marine x3  
  124  10:23  Orbital Command  
  124  10:24  SCV  
  124  10:25  SCV  
  126  10:33  Siege Tank  
  129  10:38  Command Center  
  129  10:45  Ghost Academy  
  129  10:47  Marauder x2  
  129  10:48  Marauder  
  135  10:53  Marine x3  
  135  10:54  SCV x2  
  135  10:55  SCV  
  141  10:58  Marine  
  141  11:02  Supply Depot  
  141  11:03  Supply Depot  
  142  11:07  SCV x3  
  142  11:11  Marauder x2  
  149  11:17  Marauder  
  147  11:20  Marine x2  
  147  11:21  Refinery x2  
  147  11:23  Marine x2  
  147  11:25  Supply Depot  
  151  11:39  Ghost x3  
  157  11:42  Marine x4  
  161  11:47  SCV x3  
  157  12:00  Marine x2  
  159  12:05  SCV x3  
  159  12:08  Marauder  
  164  12:22  Siege Tank, Missile Turret  
  167  12:26  Sensor Tower, Factory  
  167  12:29  Missile Turret  
  167  12:34  SCV x3  
  170  12:41  Sensor Tower  
  170  12:46  SCV x3  
  170  12:51  Planetary Fortress  
  173  13:05  Medivac x2  
  179  13:08  SCV x3  
  182  13:13  Ghost x2  
  182  13:15  Factory Tech Lab  
  182  13:18  Thor  
  169  13:20  SCV  
  169  13:24  Ghost  
  172  13:33  Thor  
  178  13:47  Ghost x2  
  175  13:50  Marine x3  
  175  13:51  Marine  
  175  13:53  Ghost  
  179  13:57  Command Center  
  168  14:10  SCV x3  
Show
View Real Time Build Order
Export as new Build Order

Bly Zerg - Winner!

Build Orders: Hatch First 

Get SALT Encoding   

  12  0:00  Drone  
  13  0:12  Overlord  
  13  0:16  Drone  
  14  0:31  Drone x2  
  16  0:47  Hatchery  
  15  0:50  Drone  
  15  0:54  Drone  
  17  0:57  Drone  
  18  1:08  Extractor  
  17  1:12  Spawning Pool  
  17  1:15  Drone  
  18  1:18  Drone  
  18  1:27  Drone  
  19  1:39  Drone  
  20  1:52  Overlord  
  20  1:59  Queen  
  20  2:00  Queen  
  24  2:01  Zergling x4  
  26  2:10  Drone x2  
  28  2:16  Metabolic Boost  
  28  2:20  Drone  
  28  2:21  Drone  
  30  2:35  Queen  
  32  2:38  Queen  
  32  2:40  Overlord  
  32  2:42  Drone x2  
  36  2:53  Overlord  
  36  3:00  Drone  
  36  3:01  Drone  
  38  3:09  Drone x5  
  43  3:16  Overlord  
  43  3:18  Lair  
  43  3:23  Drone x3  
  43  3:24  Drone  
  47  3:37  Overlord, Drone  
  48  3:49  Drone x5, Hatchery  
  48  3:52  Extractor  
  48  3:54  Extractor  
  50  3:58  Drone x3  
  53  4:05  Extractor  
  51  4:10  Overlord  
  51  4:11  Roach Warren  
  51  4:13  Overlord  
  49  4:25  Overseer  
  49  4:28  Overlord  
  49  4:29  Overlord x2  
  49  4:53  Glial Reconstitution  
  49  4:54  Roach x7  
  49  4:55  Roach x5  
  73  5:06  Roach x3  
  79  5:23  Drone  
  79  5:24  Overlord, Hatchery  
  79  5:35  Drone x7  
  84  5:36  Drone  
  84  5:39  Evolution Chamber  
  86  5:46  Drone x3  
  89  5:53  Hatchery  
  89  5:56  Ravager  
  89  5:58  Drone  
  89  6:00  Infestation Pit  
  89  6:02  Burrow  
  89  6:08  Zerg Ground Armor Level 1  
  89  6:11  Evolution Chamber  
  88  6:20  Overseer  
  88  6:24  Drone x10  
  98  6:26  Tunneling Claws  
  98  6:41  Infestor x3  
  104  6:55  Overseer  
  104  6:58  Roach  
  104  6:59  Overlord x4  
  106  7:01  Zerg Missile Weapons Level 1  
  106  7:02  Overlord  
  106  7:15  Roach x3  
  112  7:22  Roach x9  
  116  7:30  Roach x6  
  116  7:33  Roach  
  116  7:34  Ravager x2  
  126  7:45  Roach  
  126  7:46  Roach x5  
  126  7:48  Overlord  
  134  7:52  Overlord  
  123  8:03  Infestor  
  123  8:04  Queen  
  125  8:07  Drone x7  
  132  8:25  Drone  
  132  8:26  Roach x20  
  133  8:29  Drone x7  
  133  8:31  Extractor  
  133  8:32  Spore Crawler, Extractor  
  137  8:35  Spore Crawler x3  
  137  8:37  Roach x2  
  137  8:41  Hatchery  
  123  8:56  Roach x3  
  123  8:57  Roach x9  
  137  9:11  Overlord x5  
  133  9:28  Overlord  
  133  9:39  Hive  
  133  9:40  Zerg Ground Armor Level 2, Zerg Melee Weapons Level 1  
  133  9:42  Zergling x10, Spire  
  133  9:43  Zergling x16  
  139  9:57  Drone x5  
  139  9:59  Spore Crawler, Extractor  
  127  10:19  Drone x5  
  127  10:20  Drone  
  133  10:25  Zergling x16  
  133  10:26  Baneling Nest  
  140  10:30  Hatchery  
  138  10:45  Roach x13  
  138  10:48  Ravager x10  
  174  11:09  Drone x3  
  173  11:15  Corruptor x5  
  173  11:17  Overlord  
  183  11:26  Roach x8, Overlord  
  183  11:29  Overlord  
  183  11:41  Extractor  
  183  11:42  Drone x3  
  177  11:56  Corruptor x2, Greater Spire  
  177  11:57  Zerg Melee Weapons Level 2  
  177  11:58  Zerg Ground Armor Level 3  
  172  12:01  Zergling x34  
  186  12:09  Baneling x4  
  186  12:10  Centrifugal Hooks  
  186  12:20  Spine Crawler  
  186  12:21  Spine Crawler  
  185  12:37  Drone x6  
  188  12:52  Hatchery  
  188  12:55  Baneling x5  
  188  12:58  Hatchery  
  186  13:05  Hatchery  
  184  13:18  Brood Lord x7  
  198  13:27  Corruptor  
  198  13:30  Ultralisk Cavern  
  199  13:36  Roach x10  
  198  13:52  Zergling x4  
  196  14:08  Zergling x8  
Tags
 
Add a new tag
Caveats
  • Supply blocks, unpowered buildings, or Contaminate may cause inaccurate times.
  • Supply counts are checked every 10 seconds.